 Dungeon Crawl Stone Soup version 0.18-a0-1160-geb89fc2 (webtiles) character file.

754 kae the Martial Artist (level 7, -7/35 HPs)
             Began as a Vine Stalker Monk on Jan 24, 2016.
             Mangled by a troll (10 damage)
             ... on level 6 of the Dungeon.
             The game lasted 00:05:52 (4818 turns).

kae the Martial Artist (Vine Stalker Monk)          Turns: 4818, Time: 00:05:52

Health: -7/35      AC:  5    Str: 13    XL:     7   Next: 79%
Magic:  0/8        EV: 13    Int: 10    God:
Gold:   235        SH:  0    Dex: 19    Spells: 0 memorised, 6 levels left

rFire  . . .     SeeInvis .       - Unarmed
rCold  . . .     Gourm    .     a - +1 robe
rNeg   . . .     Faith    .     (no shield)
rPois  +         Spirit   +     (no helmet)
rElec  .         Dismiss  .     (no cloak)
rCorr  .         Reflect  .     n - +0 pair of gloves
SustAt .         Harm     .     (no boots)
MR     .....                    (no amulet)
Stlth  ++........               d - ring of poison resistance
                                c - ring of flight

@: not resistant to hostile enchantments, unstealthy
A: fangs 2, regeneration 2, shaggy fur 1, magic shield, antimagic bite, no
device heal 3, rot immunity
a: Evoke Flight


You were on level 6 of the Dungeon.
You were hungry.

You visited 2 branches of the dungeon, and saw 7 of its levels.

You collected 235 gold pieces.

Inventory:

Armour
 a - a +1 robe (worn)
 n - a +0 pair of gloves (worn)
Jewellery
 c - a ring of flight (left hand)
 d - a ring of poison resistance (right hand)
Wands
 l - a wand of flame (17/48)
 r - a wand of confusion (30/48)
Scrolls
 e - 5 scrolls of identify
 f - 2 scrolls of blinking
 g - a scroll of enchant armour
 j - a scroll of amnesia
 k - a scroll of magic mapping
 q - 2 scrolls of teleportation
Potions
 h - a potion of magic
 m - 2 potions of brilliance
 o - a potion of flight
 p - a potion of lignification
 t - a potion of resistance
 u - a potion of invisibility
Comestibles
 b - 6 bread rations
 i - 2 meat rations
 s - a beef jerky


   Skills:
 - Level 2.6 Fighting
 - Level 2.4 Dodging
 - Level 2.4 Stealth
 + Level 9.3 Unarmed Combat


You had 6 spell levels left.
You didn't know any spells.

Dungeon Overview and Level Annotations

Branches:
Dungeon (6/15)             Temple (1/1) D:4

Altars:
Ashenzari
Cheibriados
Dithmenos
Elyvilon
Fedhas
Gozag
Kikubaaqudgha
Makhleb
Nemelex Xobeh
Okawaru
Pakellas
Ru
Sif Muna
Trog
Vehumet
Xom
Yredelemnul
The Shining One


Innate Abilities, Weirdness & Mutations

You have extremely sharp teeth.
You heal very quickly.
When hurt, damage is shared between your health and your magic reserves.
Your bite disrupts and absorbs the magic of your enemies.
Potions and wands cannot restore your health.
You are immune to rotting.
You are covered in fur (AC +1).


Message History

a flail; an adder corpse; a gnoll corpse You now have 221 gold pieces (gained 18).
You now have 235 gold pieces (gained 14).
You open the door.
A troll comes into view.
There is an open door here.
A troll is nearby!
A troll is nearby!
A troll is nearby!
The troll shouts!
Found a stone staircase leading up.
You hit the troll. You bite the troll. You drain its power.
The troll is lightly wounded.
The troll completely misses you. The troll claws you! x2
You punch the troll! Your bite misses the troll.
The troll is moderately wounded.
The troll bites you!!
* * * LOW HITPOINT WARNING * * *
The troll claws you!
You die...

.#...)#.....##..###.###..##
.#....##....#######'###..####+#
.#...)##....##.......).........
.#...........#.......))........
.##..........#...........##...#
'##..........#...##..##..##...#
.##...##.....#...##..##........
.##...##.....#.......'.........
......########.T@....#...######
......##....##.......#...#
.##.........##...###.##..#
.##...##....##...# #+#####
.##...##....#.....
............#....<
............#.....
###################


You could see a troll.

Vanquished Creatures
  Edmund (D:6)
  A sky beast (D:5)
  An ogre (D:5)
  2 crimson imps
  An orc priest (D:6)
  2 iguanas
  A worker ant (D:5)
  2 orc wizards (D:3)
  A killer bee zombie (D:6)
  3 gnolls (D:6)
  9 adders
  A shadow imp (D:6)
  An ooze (D:3)
  2 worms (D:2)
  3 giant geckos
  6 orcs
  3 bats
  7 giant cockroaches
  8 goblins
  7 hobgoblins
  8 jackals
  3 quokkas
  2 ball pythons
  7 giant newts
  4 kobolds
  5 rats
91 creatures vanquished.

Notes
Turn   | Place    | Note
--------------------------------------------------------------
     0 | D:1      | kae the Vine Stalker Monk began the quest for the Orb.
     0 | D:1      | Reached XP level 1. HP: 11/11 MP: 2/2
   188 | D:1      | Reached XP level 2. HP: 11/16 MP: 1/3
   853 | D:2      | Reached XP level 3. HP: 19/19 MP: 4/4
   899 | D:2      | Found a bloodstained altar of Trog.
   900 | D:2      | Found a snail-covered altar of Cheibriados.
   900 | D:2      | Found a radiant altar of Vehumet.
   972 | D:2      | Reached skill level 5 in Unarmed Combat
  1291 | D:2      | Reached XP level 4. HP: 23/23 MP: 5/5
  1971 | D:3      | Reached skill level 6 in Unarmed Combat
  1971 | D:3      | Reached XP level 5. HP: 22/27 MP: 4/6
  2799 | D:4      | Found a staircase to the Ecumenical Temple.
  2850 | Temple   | Entered the Ecumenical Temple
  3331 | D:4      | Found an iron altar of Okawaru.
  3666 | D:5      | Entered Level 5 of the Dungeon
  3724 | D:5      | Reached skill level 7 in Unarmed Combat
  3724 | D:5      | Gained mutation: You heal very quickly. [Vine Stalker growth]
  3724 | D:5      | Reached XP level 6. HP: 32/32 MP: 7/7
  3725 | D:5      | Gained mutation: You are covered in fur (AC +1). [potion of beneficial mutation]
  3890 | D:5      | Found a glowing golden altar of the Shining One.
  3978 | D:5      | Found a basalt altar of Yredelemnul.
  4004 | D:5      | Noticed a sky beast
  4023 | D:5      | Killed a sky beast
  4023 | D:5      | Reached skill level 8 in Unarmed Combat
  4023 | D:5      | Reached XP level 7. HP: 18/35 MP: 8/8
  4163 | D:5      | Found a shimmering altar of Xom.
  4641 | D:6      | Noticed Edmund
  4695 | D:6      | Killed Edmund
  4695 | D:6      | Reached skill level 9 in Unarmed Combat
  4811 | D:6      | Noticed a troll
  4818 | D:6      | Mangled by a troll

Vault maps used:
D:1:      zaba_arrival_water, minmay_misc_feat_more_columns
D:2:      minitemple, first_bread
D:4:      old_standard_altar, temple_fountains
D:5:      lemuel_doored_altar, marbit_many_paths, nrook_loot_triangle,
          minivault_23, tso_metal_star
D:6:      uniq_edmund
Temple:   oiseaux_autumnal_temple_12

Action                   |  1- 3 |  4- 6 |  7- 9 || total
-------------------------+-------+-------+-------++-------
Melee: Unarmed           |    82 |   139 |    67 ||   288
  Use: Scroll            |       |    18 |     1 ||    19
       Potion            |       |     1 |     1 ||     2
 Stab: Sleeping          |     5 |    10 |     2 ||    17
       Invisible         |       |       |     9 ||     9
  Eat: Chunk             |     1 |     9 |     2 ||    12
